 Dungeon Crawl Stone Soup version 0.30.1-11-g7821555f0a (webtiles) character file.

Game seed: 16625647053708858081

21 pkoi the Caller (level 2, -1/20 HPs)
             Began as a Draconian Summoner on Nov 20, 2023.
             Slain by a kobold
             ... wielding a +0 dagger
              (3 damage)
             ... on level 1 of the Dungeon.
             The game lasted 00:01:25 (698 turns).

pkoi the Caller (Draconian Summoner)                 Turns: 698, Time: 00:01:25

Health: -1/20      AC:  5    Str:  8 (10) XL:     2   Next: 62%
Magic:  5/5        EV: 12    Int: 13 (15) God:
Gold:   41         SH:  0    Dex: 10 (11) Spells: 4/5 levels left

rFire   . .          .
                       - Unarmed
rCold   . . .        (no shield)
rNeg    . . .        (body armour unavailable)
rPois   .            (helmet restricted)
rElec   .            (no cloak)
rCorr   .            (no gloves)
SInv    .            e - +0 pair of boots
Will    .....        (no amulet)
Stlth   ++           (no ring)
HPRegen 0.23/turn    (no ring)
MPRegen 0.09/turn

%: no passive effects
@: lethally poisoned (-1 -> -6)
A: AC +4, unfitting armour, cold-blooded
a: no special abilities


You were on level 1 of the Dungeon.
You visited 1 branch of the dungeon, and saw 2 of its levels.

You collected 41 gold pieces.

Inventory:

Missiles
 g - 4 curare-tipped darts
Armour
 e - a +0 pair of boots (worn)
Jewellery
 h - a +5 ring of evasion
Scrolls
 b - a scroll of immolation {unknown}
 c - 2 scrolls of magic mapping {unknown}
 f - a scroll of butterflies {unknown}
Potions
 a - a potion of magic


   Skills:
 - Level 1.7 Dodging
 - Level 1.7 Stealth
 + Level 1.5 Unarmed Combat
 - Level 2.0 Spellcasting
 + Level 4.4 Summonings


You had 4 spell levels left.
You knew the following spells:

 Your Spells              Type           Power      Damage    Failure   Level
a - Summon Small Mammal   Summ           48%        N/A       4%          1

Your spell library contained the following spells:

 Spells                   Type           Power      Damage    Failure   Level
 Call Imp                 Summ           24%        N/A       6%          2
 Call Canine Familiar     Summ           12%        N/A       12%         3
 Summon Guardian Golem    Hex/Summ       7%         N/A       30%         3
 Summon Lightning Spire   Summ/Air       7%         N/A       71%         4


Dungeon Overview and Level Annotations

Branches:
Dungeon (2/15)

Altars:


Innate Abilities, Weirdness & Mutations

Your plain brown scales are hard. (AC +4)
You cannot fit into any form of body armour.
You are cold-blooded and may be slowed by cold attacks.


Message History

You see here 6 stones.
There is a stone staircase leading down here.
You climb downwards.
The endoplasm quivers.
The frilled lizard hisses angrily.
Found three items.
There is a stone staircase leading up here.
There are monsters nearby!
A quokka comes into view.
You see here a +5 ring of evasion.
h - a +5 ring of evasion The kobold shouts!
The endoplasm hits you.
There is a stone staircase leading up here.
The adder bites you but does no damage. The adder misses you.
The kobold closely misses you. The endoplasm freezes you.
You are frozen.
You feel yourself slow down.
You climb upwards.
There is a stone staircase leading down here.
Unknown command.
Unknown command.
The endoplasm attacks as you move away! The endoplasm completely misses you.
The adder bites you. The adder bites you but does no damage.
The adder bites you.
You are poisoned.
The adder poisons you! The kobold closely misses you.
You feel yourself speed up.
You feel sick. The adder bites you.
* * * LOW HITPOINT WARNING * * *
You are lethally poisoned!
The adder poisons you!
* * * LOW HITPOINT WARNING * * *
You feel very sick.
It was a potion of degeneration.
There was something very wrong with that liquid.
You feel weakened.
You feel dopey.
You feel clumsy.
* * * LOW HITPOINT WARNING * * *
You feel sick. The adder misses you. The kobold hits you with a +0 dagger.
You die...

### #.......##...............#
##.....###...>...........#
#######.....#.................#
..............................#
######.......................##
............>...............##
######............>###)...###
...............S...# ##...#
######.........K@..####...#
..............J...........#
#....................##...#
...######............##...#
..##.)รท..............##...#
.....###.......).....######
###### #.............#
#########.....##..####
.......###...###..##


You could see an adder, an endoplasm and a kobold.

Vanquished Creatures
  An endoplasm (D:1)
  A giant cockroach (D:1)
  A goblin (D:1)
  A hobgoblin (D:1)
  3 ball pythons (D:1)
  2 bats (D:1)
  3 frilled lizards (D:1)
  A kobold (D:1)
  A rat (D:1)
14 creatures vanquished.

Vanquished Creatures (collateral kills)
  A bat (D:1)
  2 giant cockroaches (D:1)
  2 kobolds (D:1)
5 creatures vanquished.

Grand Total: 19 creatures vanquished

Notes
Turn   | Place    | Note
-------+----------+-------------------------------------------
     0 | D:1      | pkoi the Draconian Summoner began the quest for the Orb.
     0 | D:1      | Reached XP level 1. HP: 14/14 MP: 3/3
   155 | D:1      | Reached skill level 1 in Unarmed Combat
   172 | D:1      | Reached XP level 2. HP: 20/20 MP: 5/5
   698 | D:1      | Slain by a kobold

Illustrated notes

Levels and vault maps discovered:
D:1:      wander_arrival_lonely_grave, layout_rooms,
          corexii_item_surrounded_by_moat, wad_floor_pattern_untrapped,
          grunt_decor_one_mirror
D:2:      layout_loops_ring, basic_altar, roderic_lattice_a,
          roderic_roman_lattice, grunt_ministairs_1

Skill      XL: |  1 |
---------------+----+-----
Unarmed Combat | 1 |  1.5
Dodging        | |  1.7
Stealth        | |  1.7
Spellcasting   | |  2.0
Summonings     | |  4.4

Action                     || total
---------------------------++-------
  Melee: Unarmed           ||    66
         Tailslap          ||     5
   Cast: Summon Small Mamm ||     7
    Use: Potion            ||     1
   Stab: Distracted        ||     1
         Sleeping          ||     1
 Armour: Skin              ||    25
  Dodge: Dodged            ||    66
